 Dungeon Crawl Stone Soup version 0.27-a0-1572-gacd6f1ce93 (webtiles) character file.

Game seed: 16003131341949148287

1329 Blejac999 the Skirmisher (level 8, -3/59 HPs)
             Began as a Djinni Gladiator on July 17, 2021.
             Slain by a two-headed ogre (26 damage)
             ... on level 5 of the Dungeon.
             The game lasted 00:13:02 (4076 turns).

Blejac999 the Skirmisher (Djinni Gladiator)         Turns: 4076, Time: 00:13:03

Health: -3/59      AC:  9    Str: 15    XL:     8   Next: 91%
Gold:   197        EV: 13    Int: 11    God:
                   SH:  0    Dex: 14

rFire    + + +     SeeInvis .   a - +0 long sword (elec)
rCold    x . .     Faith    .   (no shield)
rNeg     . . .     Spirit   .   k - +2 leather armour {rF+}
rPois    ∞         Reflect  .   c - +0 helmet
rElec    .         Harm     .   j - +2 cloak
rCorr    .         Rampage  .   (no gloves)
Will     .....     Rnd*Rage +   (boots unavailable) Stlth +.........Rnd*Tele +
                                f - amulet of regeneration
HPRegen  1.19/turn              (no ring)
MPRegen  0.00/turn              (no ring)

@: flying
A: sickness immunity, fire resistance 2, cold vulnerability 1, float, innate
caster, hp casting, extra vitality 1, berserk 1, teleportitis 1
a: no special abilities


You were on level 5 of the Dungeon.
You visited 1 branch of the dungeon, and saw 5 of its levels.

You collected 197 gold pieces.

Inventory:

Hand Weapons
 a - a +0 long sword of electrocution (weapon)
Missiles
 d - 2 throwing nets (quivered)
 h - 5 atropa-tipped darts
Armour
 c - a +0 helmet (worn)
 j - a +2 cloak (worn)
 k - a +2 leather armour of fire resistance (worn)
Jewellery
 f - an amulet of regeneration (around neck)
Wands
 e - a wand of flame (12)
Scrolls
 i - a scroll of brand weapon
Potions
 g - a potion of brilliance


   Skills:
 * Level 5.3 Fighting
 + Level 4.3 Long Blades
 + Level 3.3 Throwing
 + Level 3.1 Armour
 + Level 5.2 Dodging
 * Level 3.5 Spellcasting


You had 8 spell levels left.
You knew the following spells:

 Your Spells              Type           Power      Damage    Failure   Level
a - Foxfire               Conj/Fire      36%        2x1d5     7%          1
b - Wereblood             Tmut           9%         N/A       11%         2
c - Spider Form           Tmut/Pois      4%         N/A       22%         3
Your spell library was empty.

Dungeon Overview and Level Annotations

Branches:
Dungeon (5/15)
 Temple: D:4-7

Altars:

Annotations:
D:5 Grinder, Ijyb


Innate Abilities, Weirdness & Mutations

You are immune to sickness and miasma.
You are immune to poison.
Your flesh is very heat resistant. (rF++)
You are vulnerable to cold. (rC-)
You float through the air rather than walking.
You learn spells naturally, not from books.
Your magical power is your life essence.
You have superior vitality. (+4 HP)
You tend to lose your temper in combat.
You are occasionally teleported next to monsters.


Message History

e - a wand of flame (12);
g - a potion of brilliance
Things that are here:
a +2 vorpal flail; a +0 scale mail; the human corpse of Edmund
Found a stone staircase leading down.
You feel strangely unstable.
You are suddenly yanked towards some nearby monsters!
Your surroundings suddenly seem different.
Ijyb the Twisted Goblin comes into view.
She is wielding a +2 dagger of speed and carrying a wand of charming (9).
Found a ring mail.
Ijyb shouts!
Ijyb drinks a potion.
Ijyb seems to grow stronger.
Ijyb zaps a wand.
Your will is overpowered!
You are confused.
You slash the two-headed ogre!
Lightning courses through the two-headed ogre!!
The two-headed ogre is heavily wounded.
The two-headed ogre hits you with a +0 giant club!!
The two-headed ogre hits you with a +0 dire flail.
Ijyb hits you but does no damage.
Unknown command.
Ijyb zaps a wand.
You easily resist.
You're too confused to move!
The two-headed ogre hits you with a +0 giant club!
The two-headed ogre closely misses you.
Ijyb screams, "Get away!"
Ijyb hits you but does no damage.
Unknown command.
You hit the two-headed ogre.
Lightning courses through the two-headed ogre!
The two-headed ogre is severely wounded.
Ijyb barely misses you.
The two-headed ogre completely misses you.
The two-headed ogre hits you with a +0 dire flail!
* * * LOW HITPOINT WARNING * * *
Ijyb hits you but does no damage.
You feel better. Ijyb screams, "I dance on your bones!"
Ijyb hits you with a +2 dagger of speed.
The two-headed ogre hits you with a +0 giant club!!
You die...

#. .. #.######
######......##
#............#
≈....≈≈......###
≈≈≈≈≈≈≈≈≈≈≈≈≈≈≈#
≈≈≈≈≈.≈≈≈≈≈≈≈≈≈≈
.≈..≈.≈O@..≈≈##
..≈..≈≈g....##
#.≈≈.....≈.##
##.####...[.# #
#####.# .# #


You could see a two-headed ogre and Ijyb (strong).

Vanquished Creatures
  The ghost of hypergardens the Magician, an amateur DjFE of Ru (D:4)
  Eustachio (D:5)
  Edmund (D:5)
  An orc warrior (D:4)
  A black bear (D:4)
  2 ogres (D:5)
  A phantom (D:4)
  A water moccasin zombie (D:5)
  2 hounds (D:4)
  2 bullfrog skeletons (D:5)
  Natasha (twice) (D:2)
  2 iguanas
  3 gnolls
  8 adders
  An adder skeleton (D:4)
  3 dart slugs
  4 worms
  2 orcs
  4 endoplasms
  10 hobgoblins
  7 jackals
  3 kobolds
  7 quokkas
  8 ball pythons
  3 bats
  3 frilled lizards (D:1)
  5 goblins
  4 rats
92 creatures vanquished.

Vanquished Creatures (others)
  38 foxfires
38 creatures vanquished.

Grand Total: 130 creatures vanquished

Notes
Turn   | Place    | Note
-------+----------+-------------------------------------------
     0 | D:1      | Blejac999 the Djinni Gladiator began the quest for the Orb.
     0 | D:1      | Reached XP level 1. HP: 18/18 MP: 0/0
   401 | D:1      | Reached XP level 2. HP: 23/23 MP: 0/0
   565 | D:1      | Reached XP level 3. HP: 28/28 MP: 0/0
   565 | D:1      | Learned a level 1 spell: Foxfire
  1197 | D:2      | Noticed Natasha
  1198 | D:2      | Found a faded altar of an unknown god.
  1210 | D:2      | Killed Natasha
  1211 | D:2      | Reached XP level 4. HP: 14/34 MP: 0/0
  1563 | D:2      | Reached skill level 1 in Spellcasting
  1800 | D:2      | Reached XP level 5. HP: 39/40 MP: 0/0
  1800 | D:2      | Learned a level 2 spell: Wereblood
  1883 | D:2      | Noticed Natasha
  1893 | D:2      | Killed Natasha
  1894 | D:2      | Reached skill level 1 in Armour
  2738 | D:4      | Noticed a black bear
  2868 | D:4      | Killed a black bear
  2869 | D:4      | Reached XP level 6. HP: 46/46 MP: 0/0
  3084 | D:4      | Reached XP level 7. HP: 48/51 MP: 0/0
  3084 | D:4      | Learned a level 3 spell: Spider Form
  3284 | D:4      | Gained mutation: Your muscles are strong. (Str +2) [potion
                  | of mutation]
  3284 | D:4      | Gained mutation: You are robust. (+10% HP) [potion of
                  | mutation]
  3285 | D:4      | Lost mutation: Your muscles are strong. (Str +2) [potion of
                  | mutation]
  3285 | D:4      | Lost mutation: You are robust. (+10% HP) [potion of
                  | mutation]
  3285 | D:4      | Gained mutation: You are occasionally teleported next to
                  | monsters. [potion of mutation]
  3285 | D:4      | Gained mutation: You tend to lose your temper in combat.
                  | [potion of mutation]
  3335 | D:4      | Found a runed translucent door.
  3336 | D:4      | Noticed hypergardens's ghost (amateur DjFE)
  3700 | D:5      | Entered Level 5 of the Dungeon
  3702 | D:5      | Noticed Eustachio
  3712 | D:5      | Killed Eustachio
  3713 | D:5      | Reached XP level 8. HP: 58/58 MP: 0/0
  3771 | D:5      | Noticed Grinder
  3779 | D:5      | Noticed a two-headed ogre
  3862 | D:4      | Killed hypergardens's ghost
  3863 | D:4      | Reached skill level 5 in Fighting
  3863 | D:4      | Reached skill level 5 in Dodging
  4047 | D:5      | Noticed Edmund
  4057 | D:5      | Killed Edmund
  4069 | D:5      | Noticed Ijyb
  4076 | D:5      | Slain by a two-headed ogre

Illustrated notes

Levels and vault maps discovered:
D:1:      dpeg_arrival_oval, layout_basic, minivault_24, minmay_pentomino_z4
D:2:      layout_basic, shapermc_ecumenical_altar_pompeii, uniq_natasha
D:3:      layout_loops_ring
D:4:      layout_gridville, ebering_ghost_reflecting_pool, due_unseen_surprise
D:5:      layout_loops_ring, chequers_serial_rivers_small_3, hex_medium,
          chequers_hall_statues_wall_a, grunt_ministairs_3, minmay_fountain_box,
          uniq_ijyb, uniq_grinder, uniq_edmund, uniq_eustachio

Skill      XL: |  1  2  3  4  5  6  7  8 |
---------------+-------------------------+-----
Long Blades    | 3 4 |  4.3
Spellcasting   | 1 2 3 |  3.5
Throwing       | 2 3 |  3.3
Armour         | 1 2 3 |  3.1
Fighting       | 3 4 5 |  5.3
Dodging        | 4 5 |  5.2

Action                   |  1- 3 |  4- 6 |  7- 9 || total
-------------------------+-------+-------+-------++-------
Melee: Long sword        |    70 |   129 |    99 ||   298
       Unarmed           |       |       |    10 ||    10
Throw: Throwing net      |       |     1 |     2 ||     3
 Cast: Foxfire           |       |     7 |    17 ||    24
       Wereblood         |       |     2 |       ||     2
       Spider Form       |       |       |     1 ||     1
  Use: Potion            |     1 |       |     5 ||     6
       Scroll            |     4 |     3 |     3 ||    10
 Stab: Sleeping          |     1 |       |       ||     1
Armor: Leather armour    |    18 |    31 |    44 ||    93
       Skin              |       |       |     1 ||     1
Dodge: Dodged            |    46 |    95 |   113 ||   254
       Rpst.: Long sword |    17 |    20 |    18 ||    55

Table legend: (Time is in decaauts)
 A = Elapsed time spent in this place.
 B = Non-inter-level travel time spent in this place.
 C = Inter-level travel time spent in this place.
 D = Time resting spent in this place.
 E = Time spent auto-exploring this place.
 F = Levels seen in this place.
 G = Mean time per level.
                   A        B        C        D        E       F      G
               +--------+--------+--------+--------+--------+-----+--------+
         Total |   4172 |   3875 |    297 |    607 |   2148 |   5 |  834.4 |
       Dungeon |   4172 |   3875 |    297 |    607 |   2148 |   5 |  834.4 |
               +--------+--------+--------+--------+--------+-----+--------+

Top non-repeatable levels by time:
     D:1: 1138 daAuts
     D:4: 1099 daAuts
     D:2: 1047 daAuts
     D:3: 667 daAuts
     D:5: 219 daAuts
